 Dungeon Crawl Stone Soup version 0.15-b1-123-g0918319 (webtiles) character file.

1421 Johnny the Charmwright (level 8, -1/66 HPs)
             Began as a Demigod Skald on Aug 25, 2014.
             Hit by a silver tomahawk thrown by an orc warrior (13 damage)
             ... on Level 6 of the Dungeon.
             The game lasted 01:27:20 (8816 turns).

Johnny the Charmwright (Demigod Skald)              Turns: 8816, Time: 01:27:20

HP  -1/66        AC  9     Str 18      XL: 8   Next: 20%
MP   9/21        EV 14     Int 17      God:
Gold 369         SH  0     Dex 17      Spells:  4 memorised,  6 levels left

rFire  . . .     SeeInvis .     a - +3 flail (protect)
rCold  . . .     Clarity  .     b - +0 leather armour
rNeg   . . .     rCorr    .     (no shield)
rPois  +         rRot     .     (no helmet)
rElec  .         Spirit   .     (no cloak)
SustAb +         Warding  .     (no gloves)
rMut   .         Stasis   .     F - +0 pair of boots
Gourm  +                        y - amulet of the gourmand
MR     .....                    r - ring of sustain abilities
                                j - ring of poison resistance

@: very slightly contaminated, not resistant to hostile enchantments, unstealthy
A: no striking features
a: no special abilities


You were on level 6 of the Dungeon.
You were not hungry.

You visited 1 branch of the dungeon, and saw 6 of its levels.

You collected 369 gold pieces.

Inventory:

Hand weapons
 a - a +3 flail of protection (weapon)
 f - a +1 short sword of speed
 E - a +0 halberd
Armour
 b - a +0 leather armour (worn)
 e - a +0 leather armour
 t - a +0 chain mail
 F - a +0 pair of boots (worn)
 H - a +3 ring mail
 I - a fire dragon hide
 L - a +0 shield
Magical devices
 x - a wand of hasting (4) {unknown}
 J - a wand of disintegration (7)
Comestibles
 g - 2 beef jerkies
 l - 5 meat rations
 n - 2 bread rations
 z - a slice of pizza
 K - 2 chunks of orc flesh
 M - 3 chunks of orc flesh
Scrolls
 i - a scroll of fog
 k - 3 scrolls of remove curse
 p - a scroll of fear
 q - 3 scrolls of recharging
 u - 3 scrolls of enchant armour {unknown}
 v - 3 scrolls of teleportation {unknown}
Jewellery
 d - an uncursed amulet of clarity {unknown}
 j - a ring of poison resistance (left hand)
 r - a ring of sustain abilities (right hand)
 s - an uncursed amulet of resist corrosion
 y - an amulet of the gourmand (around neck)
 B - an uncursed amulet of rage {unknown}
Potions
 h - 2 potions of cure mutation
 m - a potion of resistance {unknown}
 o - a potion of brilliance
 w - 3 potions of restore abilities
 A - a potion of curing
 C - a potion of agility {unknown}
 G - a potion of mutation {unknown}
Books
 c - a book of Battle

   Spells                             Type                      Level
   *Infusion                          Charms                       1
   *Shroud of Golubria                Charms/Translocation         2
   Song of Slaying                    Charms                       2
   *Spectral Weapon                   Hexes/Charms                 3
   *Regeneration                      Charms/Necromancy            3


   Skills:
 + Level 4.1 Fighting
 + Level 2.0 Short Blades
 + Level 3.2 Maces & Flails
 + Level 2.8 Armour
 + Level 4.2 Dodging
 + Level 0.6 Stealth
 + Level 4.0 Spellcasting
 + Level 4.6 Charms
 + Level 1.0 Necromancy
 + Level 1.3 Translocations
 + Level 0.2 Evocations


You had 6 spell levels left.
You knew the following spells:

 Your Spells              Type           Power        Failure   Level  Hunger
a - Infusion              Chrm           ###...       2%          1    None
b - Regeneration          Chrm/Necr      ##........   17%         3    ###....
c - Shroud of Golubria    Chrm/Tloc      ##........   10%         2    ##.....
d - Spectral Weapon       Hex/Chrm       ##......     21%         3    ###....


Dungeon Overview and Level Annotations

Branches:
Dungeon (6/15)             Temple (0/1) D:4

Shops:
D:4 %

Annotations:
D:4 Maja's ghost, average MiBe


Message History

The orc hits you but does no damage.
The orc priest invokes the aid of Beogh against you.
Something smites you!
* * * LOW HITPOINT WARNING * * *
Zapping:
J - a wand of disintegration {zapped: 1}
Press: ? - help, Shift-Dir - straight line, f - orc priest
Aim: an orc priest, wielding a short sword and wearing a chain mail The orc is blasted.
You blow up the orc!
Read which item? (? for menu, Esc to quit)
Charge which item? (? for menu, Esc to quit)
Okay, then.
Zapping:
J - a wand of disintegration {zapped: 2}
Press: ? - help, Shift-Dir - straight line, f - orc warrior, p - orc priest
Aim: an orc warrior, wielding an antimagic short sword and wearing a plate armour The orc priest is blasted.
You blow up the orc priest!
The orc warrior throws a silver tomahawk.
The silver tomahawk hits you!
You die...

##.#.#######.######.##...
#...).........).....#....
##.........##............
#.#....(.......###.#....
#..............# ....
#.#....[....#..## . . #
#.#####'###... # #.
####o# #..###.# #.##.@).#
#....... #.....(.###...#
####..........## #
####.###....#.#
....###......#
............#....
#########.#..#.#. #####
###.#..#.... ...#+###
#...........


You could see an orc warrior and a friendly spectral flail of protection.

Vanquished Creatures
  The ghost of slix the Sneak, an average DsAs (D:3)
  Edmund (D:4)
  A sky beast (D:5)
  A phantom (D:4)
  A centaur (D:5)
  Blork the orc (D:5)
  A giant frog (D:6)
  A scorpion (D:5)
  2 crimson imps (D:5)
  A jelly (D:6)
  4 hounds
  A giant frog skeleton (D:6)
  2 orc priests
  2 worker ants (D:4)
  2 orc wizards (D:5)
  2 iguanas (D:5)
  A big kobold zombie (D:6)
  Ijyb (D:3)
  An ogre skeleton (D:5)
  10 adders
  3 gnolls (D:4)
  4 worms
  2 giant geckos
  An ooze (D:3)
  9 orcs
  2 giant cockroaches
  7 goblins
  13 hobgoblins
  5 jackals
  2 quokkas
  10 bats
  6 giant newts
  A jackal skeleton (D:5)
  13 kobolds
  17 rats
132 creatures vanquished.

Notes
Turn   | Place    | Note
--------------------------------------------------------------
     0 | D:1      | Johnny, the Demigod Skald, began the quest for the Orb.
     0 | D:1      | Reached XP level 1. HP: 17/17 MP: 3/3
   284 | D:1      | Reached skill level 3 in Charms
   315 | D:1      | Reached XP level 2. HP: 1/24 MP: 4/4
   670 | D:1      | Reached skill level 1 in Dodging
   692 | D:1      | Reached skill level 1 in Armour
  1291 | D:2      | Reached XP level 3. HP: 12/29 MP: 7/7
  2572 | D:3      | Noticed slix's ghost (average DsAs)
  2584 | D:3      | Reached XP level 4. HP: 32/37 MP: 9/9
  2646 | D:3      | Killed slix's ghost
  2646 | D:3      | Reached skill level 1 in Short Blades
  2646 | D:3      | Reached XP level 5. HP: 26/44 MP: 8/12
  3273 | D:3      | Learned a level 3 spell: Regeneration
  3294 | D:3      | Learned a level 2 spell: Shroud of Golubria
  3462 | D:3      | Noticed Ijyb
  3504 | D:3      | Killed Ijyb
  3914 | D:4      | Found a snail-covered altar of Cheibriados.
  3973 | D:4      | Reached XP level 6. HP: 26/51 MP: 11/15
  4202 | D:4      | Noticed Maja's ghost (average MiBe)
  5385 | D:4      | Noticed Edmund
  5443 | D:4      | Killed Edmund
  5728 | D:4      | Found Klais' Food Boutique.
  5782 | D:4      | Reached XP level 7. HP: 57/57 MP: 10/18
  6044 | D:4      | Found a staircase to the Ecumenical Temple.
  6231 | D:3      | Learned a level 3 spell: Spectral Weapon
  6476 | D:5      | Entered Level 5 of the Dungeon
  6532 | D:5      | Reached skill level 4 in Charms
  6640 | D:5      | Reached skill level 1 in Translocations
  6760 | D:5      | Found a glowing golden altar of the Shining One.
  7089 | D:5      | Found a radiant altar of Vehumet.
  7121 | D:5      | Noticed Blork the orc
  7134 | D:5      | Killed Blork the orc
  7815 | D:5      | Reached skill level 1 in Necromancy
  8201 | D:5      | Reached XP level 8. HP: 64/66 MP: 13/20
  8816 | D:6      | Hit by a silver tomahawk thrown by an orc warrior

Action                   |  1- 3 |  4- 6 |  7- 9 || total
-------------------------+-------+-------+-------++-------
Melee: Mace              |   121 |       |       ||   121
       Short sword       |    76 |   294 |       ||   370
       Flail             |       |    21 |   203 ||   224
 Cast: Shroud of Golubri |       |    19 |    21 ||    40
       Regeneration      |       |     9 |     3 ||    12
       Infusion          |       |    11 |    15 ||    26
       Spectral Weapon   |       |       |     2 ||     2
Evoke: Wand              |       |       |     3 ||     3
  Use: Scroll            |     5 |     6 |     1 ||    12
       Potion            |     6 |     7 |     1 ||    14
 Stab: Distracted        |       |     1 |       ||     1
  Eat: Bread ration      |     1 |     1 |       ||     2
       Royal jelly       |     1 |       |       ||     1
       Chunk             |       |    13 |    14 ||    27
